 Dungeon Crawl Stone Soup version 0.18-a0-816-g97f838e (webtiles) character file.

674 xeno23 the Insei (level 7, -1/56 HPs)
             Began as a Human Monk on Dec 15, 2015.
             Shot with an arrow by a centaur (13 damage)
             ... on level 5 of the Dungeon.
             The game lasted 00:11:25 (3903 turns).

xeno23 the Insei (Human Monk)                       Turns: 3903, Time: 00:11:26

Health: -1/56      AC:  5    Str: 13    XL:     7   Next: 90%
Magic:  7/7        EV: 14    Int: 10    God:
Gold:   271        SH:  0    Dex: 16    Spells: 0 memorised, 6 levels left

rFire  . . .     SeeInvis .       - Unarmed
rCold  . . .     Clarity  .     A - +0 troll leather armour
rNeg   . . .     SustAt   .     (no shield)
rPois  +         Gourm    .     d - +0 helmet
rElec  .         Spirit   .     (no cloak)
rCorr  .         Dismiss  .     (no gloves)
rMut   .         Stasis   .     (no boots)
MR     .....                    (no amulet)
Stlth  ++........               (no ring)
                                B - ring of poison resistance

@: about to teleport, not resistant to hostile enchantments, unstealthy
A: no striking features
a: no special abilities


You were on level 5 of the Dungeon.
You were hungry.

You visited 1 branch of the dungeon, and saw 5 of its levels.

You collected 271 gold pieces.

Inventory:

Missiles
 g - 10 poisoned needles
Armour
 d - a +0 helmet (worn)
 A - a +0 troll leather armour (worn)
Jewellery
 B - a ring of poison resistance (left hand)
Scrolls
 a - 2 scrolls of immolation {unknown}
 f - a scroll of amnesia {unknown}
 h - a scroll of identify
 j - a scroll of enchant weapon {unknown}
 o - 2 scrolls of blinking {unknown}
 p - 5 scrolls of remove curse {unknown}
 q - a scroll of fog {unknown}
 r - a scroll of vulnerability {unknown}
 y - a scroll of fear {unknown}
Potions
 c - a potion of flight
 e - a potion of haste {unknown}
 k - a potion of resistance {unknown}
 l - 2 potions of might
 n - 2 potions of lignification
 s - a potion of heal wounds {unknown}
 u - a potion of degeneration {unknown}
 v - a potion of cancellation {unknown}
 x - a potion of curing
Books
 z - Sif Muna's Papyrus of Transmutation
   (You found it on level 4 of the Dungeon)

   Spells                             Type                      Level
   a - Beastly Appendage              Transmutation                1
Comestibles
 b - 4 bread rations
 m - 2 meat rations
 t - a slice of pizza


   Skills:
 + Level 5.0 Fighting
 + Level 4.8 Dodging
 - Level 2.1 Stealth
 * Level 7.0 Unarmed Combat


You had 6 spell levels left.
You didn't know any spells.

Dungeon Overview and Level Annotations

Branches:
Dungeon (5/15)
 Temple: D:4-7

Altars:
Makhleb
Pakellas
Sif Muna
Xom


Message History

The orc closely misses you.
Your surroundings seem slightly different.
Read which item? (? for menu, Esc to quit)
Okay, then.
Drink which item? (? for menu, Esc to quit)
It was a potion of curing.
You feel better.
The centaur shoots an arrow.
The arrow closely misses you.
The centaur shoots an arrow.
The arrow hits you!
* * * LOW HITPOINT WARNING * * *
The centaur shoots an arrow.
The arrow hits you but does no damage.
You see here 2 arrows.
You take 9 damage.
Drink which item? (? for menu, Esc to quit)
Okay, then.
Read which item? (? for menu, Esc to quit)
As you read the scroll of teleportation, it crumbles to dust.
You feel strangely unstable.
The centaur shoots an arrow.
The arrow completely misses you.
The centaur shoots an arrow.
The arrow hits you!
You die...

############## #............#####
#.###...........^# #<#
#.############ ##.###.##########
................# ##############
#........##.....####............#
#........##.....(..#.............
#..............#@..#.............
#....#...c.....((..#.............
##..........o......#.............
...................#.....#.......
##.#.#..##'##.#....#....###......
##.#.#.(...>.......'.............
...#.#.(#..........#.##..........
...#.#.c#..........#####.....###'
...................#.._#.....##..


You could see a centaur and an orc.

Vanquished Creatures
  An ogre (D:4)
  Blork the orc (D:5)
  A scorpion (D:4)
  A giant frog zombie (D:5)
  A crimson imp (D:5)
  An orc wizard (D:4)
  An orc priest (D:5)
  3 hounds
  2 giant frog skeletons
  Ijyb (D:3)
  A worker ant (D:5)
  5 adders
  A shadow imp (D:5)
  2 oozes
  An adder zombie (D:5)
  4 worms
  4 orcs (D:5)
  6 bats
  2 giant cockroaches
  8 goblins
  9 hobgoblins
  3 quokkas
  3 ball pythons
  4 giant geckos
  5 giant newts
  4 jackals (D:2)
  7 kobolds
  10 rats
92 creatures vanquished.

Vanquished Creatures (others)
  2 orc wizards
2 creatures vanquished.

Grand Total: 94 creatures vanquished

Notes
Turn   | Place    | Note
--------------------------------------------------------------
     0 | D:1      | xeno23 the Human Monk began the quest for the Orb.
     0 | D:1      | Reached XP level 1. HP: 18/18 MP: 1/1
   110 | D:1      | Reached XP level 2. HP: 20/24 MP: 2/2
   695 | D:2      | Reached XP level 3. HP: 29/29 MP: 3/3
  1018 | D:2      | Found an oddly glowing altar of Pakellas.
  1541 | D:2      | Reached XP level 4. HP: 27/35 MP: 4/4
  2218 | D:3      | Noticed Ijyb
  2236 | D:3      | Killed Ijyb
  2236 | D:3      | Reached skill level 5 in Unarmed Combat
  2236 | D:3      | Reached XP level 5. HP: 35/42 MP: 5/5
  2671 | D:4      | Reached XP level 6. HP: 42/48 MP: 6/6
  2861 | D:4      | Reached skill level 6 in Unarmed Combat
  2976 | D:4      | Found a deep blue altar of Sif Muna.
  3014 | D:4      | Identified Sif Muna's Papyrus of Transmutation (You found it on level 4 of the Dungeon)
  3102 | D:5      | Entered Level 5 of the Dungeon
  3174 | D:5      | Noticed Blork the orc
  3300 | D:5      | Killed Blork the orc
  3300 | D:5      | Reached XP level 7. HP: 40/55 MP: 7/7
  3746 | D:5      | Found a shimmering altar of Xom.
  3747 | D:5      | Found a burning altar of Makhleb.
  3871 | D:5      | Reached skill level 5 in Fighting
  3871 | D:5      | Reached skill level 7 in Unarmed Combat
  3903 | D:5      | Shot with an arrow by a centaur

Vault maps used:
D:1:      mrwooster_arrival_arrow
D:2:      grunt_pakellas_sulfur
D:3:      uniq_iyjb
D:4:      led_sif_book
D:5:      kennysheep_windowed_halls, grunt_temple_overflow_champion_of_chaos,
          temple_green, first_bread, uniq_blork_the_orc

Action                   |  1- 3 |  4- 6 |  7- 9 || total
-------------------------+-------+-------+-------++-------
Melee: Unarmed           |   102 |   160 |   137 ||   399
  Use: Scroll            |       |     4 |     3 ||     7
       Potion            |       |     2 |     1 ||     3
 Stab: Sleeping          |    11 |       |       ||    11
       Distracted        |       |     2 |       ||     2
       Invisible         |       |     1 |       ||     1
  Eat: Chunk             |     2 |     3 |     3 ||     8
       Beef jerky        |       |     1 |       ||     1
